 Dungeon Crawl Stone Soup version 0.31-a0-816-gd61d57ddb1 (webtiles) character file.

Game seed: 10900165142748038213

29 Essalna the Digger (level 3, -1/24 HPs)
             Began as a Demonspawn Earth Elementalist on Sept 22, 2023.
             Slain by a goblin
             ... wielding a +0 club
              (2 damage)
             ... on level 2 of the Dungeon.
             The game lasted 00:01:28 (756 turns).

Essalna the Digger (Demonspawn Earth Elementalist)   Turns: 756, Time: 00:01:29

Health: -1/24      AC:  2    Str:  8    XL:     3   Next: 1%
Magic:  7/7        EV: 12    Int: 18    God:
Gold:   32         SH:  4    Dex: 13    Spells: 6/7 levels left

rFire   . . .        e - +3 dagger
rCold   . . .        (no shield)
rNeg    . . .        a - +0 robe
rPois   .            (no helmet)
rElec   .            (no cloak)
rCorr   .            (no gloves)
SInv    .            (no boots)
Will    .....        (no amulet)
Stlth   ++           (no ring)
HPRegen 0.24/turn    (no ring)
MPRegen 0.10/turn

%: no passive effects
@: no status effects
A: claws 1, condensation shield
a: no special abilities


You were on level 2 of the Dungeon.
You visited 1 branch of the dungeon, and saw 2 of its levels.

You collected 32 gold pieces.

Inventory:

Hand Weapons
 d - a +0 dagger
 e - a +3 dagger (weapon)
Armour
 a - a +0 robe (worn)
Scrolls
 b - a scroll of poison {unknown}
 f - a scroll of enchant weapon {unknown}
Potions
 c - 3 potions of heal wounds {unknown}
 g - a potion of attraction {unknown}
 h - a potion of ambrosia {unknown}
 i - a potion of degeneration {unknown}


   Skills:
 - Level 1.7 Dodging
 - Level 1.7 Stealth
 + Level 2.7 Spellcasting
 - Level 0.8 Transmutations
 + Level 3.3 Earth Magic


You had 6 spell levels left.
You knew the following spells:

 Your Spells              Type           Power      Damage    Failure   Level
a - Sandblast             Erth           28%        2d8       4%          1

Your spell library contained the following spells:

 Spells                   Type           Power      Damage    Failure   Level
 Passwall                 Tmut/Erth      7%         N/A       11%         2
 Poisonous Vapours        Pois/Air       4%         N/A       26%         2
 Stone Arrow              Conj/Erth      16%        3d8       26%         3
 Mephitic Cloud           Conj/Pois/Air  2%         N/A       45%         3
 Petrify                  Tmut/Erth      9%         N/A       56%         4
 Brom's Barrelling Bould  Conj/Erth      8%         2d3       63%         4
 Freezing Cloud           Conj/Ice/Air   1%         6-21      99%         5


Dungeon Overview and Level Annotations

Branches:
Dungeon (2/15)

Altars:


Innate Abilities, Weirdness & Mutations

You have sharp fingernails.
A meltable shield of frost defends you. (SH +4)


Message History

You kill the giant cockroach!
You have reached level 3!
Your experience leads to an increase in your attributes!
Increase (S)trength, (I)ntelligence, or (D)exterity?
You feel clever. x2; Your demonic ancestry asserts itself...
Your fingernails lengthen.
Key pressed, stopping explore.
A goblin comes into view. It is wielding a +0 club.
The goblin shouts!
The goblin unwields a +0 club.
The goblin wields a +0 sling.
The goblin shoots a sling bullet.
The sling bullet closely misses you.
The goblin shoots a sling bullet.
You block the sling bullet.
The goblin shoots a sling bullet.
You block the sling bullet.
The goblin shoots a sling bullet.
The sling bullet hits you.
The goblin shoots a sling bullet.
The sling bullet closely misses you.
A rat comes into view.
The goblin shoots a sling bullet.
The sling bullet hits you.
The goblin shoots a sling bullet.
The sling bullet closely misses you.
The goblin shoots a sling bullet.
You block the sling bullet.
The goblin shoots a sling bullet.
The sling bullet hits you. The rat barely misses you. The rat bites you.
The rat bites you.
The goblin unwields a +0 sling.
The goblin wields a +0 club.
The goblin closely misses you. The rat closely misses you.
The goblin hits you with a +0 club. The rat bites you but does no damage.
The goblin barely misses you. The rat barely misses you.
The goblin hits you with a +0 club. The rat bites you but does no damage.
You block the goblin's attack. The rat barely misses you.
The goblin hits you with a +0 club. The rat barely misses you.
The goblin hits you with a +0 club. The rat bites you.
* * * LOW HITPOINT WARNING * * *
The goblin hits you with a +0 club.
* * * LOW HITPOINT WARNING * * *
You block the rat's attack. The goblin barely misses you. The rat misses you.
The goblin closely misses you. The rat bites you.
* * * LOW HITPOINT WARNING * * *
The goblin hits you with a +0 club.
You die...

#..... . #.....
........# # ... #....#
#.......# .# ...##....#
#.......##...
.........# #.........
.. .........#
#........# ..
.........###..).....#
.. #.r@.##...%.[...# .#
#.g...#........###..
#.................##
.##......†..##........
..........##...##..†.##
..###.....##...####....
......)..).....# #...#
..............# #....
.......##...#...##....


You could see a goblin and a rat.

Vanquished Creatures
  A dart slug (D:1)
  3 endoplasms
  3 giant cockroaches
  4 goblins
  2 hobgoblins (D:1)
  3 jackals (D:1)
  3 kobolds
  A quokka (D:1)
  2 rats
22 creatures vanquished.

Notes
Turn   | Place    | Note
-------+----------+-------------------------------------------
     0 | D:1      | Essalna the Demonspawn Earth Elementalist began the quest
                  | for the Orb.
     0 | D:1      | Reached XP level 1. HP: 13/13 MP: 3/3
   161 | D:1      | Reached skill level 3 in Earth Magic
   161 | D:1      | Gained mutation: A meltable shield of frost defends you.
                  | (SH +4) [demonic ancestry]
   161 | D:1      | Reached XP level 2. HP: 14/19 MP: 0/5
   661 | D:2      | Gained mutation: You have sharp fingernails. [demonic
                  | ancestry]
   661 | D:2      | Reached XP level 3. HP: 24/24 MP: 0/7
   756 | D:2      | HP: 1/24 [rat (2)]
   756 | D:2      | Slain by a goblin

Illustrated notes

Levels and vault maps discovered:
D:1:      minmay_arrival_up_and_down, layout_rooms
D:2:      layout_basic

Skill      XL: |  1 |
---------------+----+-----
Earth Magic    | 3 |  3.3
Dodging        | |  1.7
Stealth        | |  1.7
Spellcasting   | |  2.7
Transmutations | |  0.8

Action                     || total
---------------------------++-------
  Melee: Dagger            ||    20
   Cast: Sandblast         ||    26
    Use: Potion            ||     1
 Armour: Robe              ||    30
  Dodge: Dodged            ||    37
  Block: Other             ||     8

Table legend: (Time is in decaauts)
 A = Elapsed time spent in this place.
 B = Non-inter-level travel time spent in this place.
 C = Inter-level travel time spent in this place.
 D = Time resting spent in this place.
 E = Time spent auto-exploring this place.
 F = Levels seen in this place.
 G = Mean time per level.
                   A        B        C        D        E       F      G
               +--------+--------+--------+--------+--------+-----+--------+
         Total |    767 |    743 |     24 |      0 |    586 |   2 |  383.5 |
       Dungeon |    767 |    743 |     24 |      0 |    586 |   2 |  383.5 |
               +--------+--------+--------+--------+--------+-----+--------+

Top non-repeatable levels by time:
     D:1: 597 daAuts
     D:2: 170 daAuts
